 Dungeon Crawl Stone Soup version 0.21-a0-528-gf531e82 (webtiles) character file.

5062 TheDeThijs the Basher (level 10, -1/105 HPs)
             Began as a Minotaur Berserker on Nov 22, 2017.
             Was an Elder of Trog.
             Slain by a porcupine (5 damage)
             ... on level 8 of the Dungeon on Dec 8, 2017.
             The game lasted 00:32:37 (7533 turns).

TheDeThijs the Basher (Minotaur Berserker)          Turns: 7533, Time: 00:32:37

Health: -1/105     AC: 10    Str: 23    XL:     10   Next: 31%
Magic:  9/9        EV:  2    Int:  4    God:    Trog [****..]
Gold:   380        SH:  0    Dex: 14    Spells: 9/9 levels left

rFire    + . .     SeeInvis +   q - +8 mace "Dehotuwn" {elec, *Rage rF+ SInv}
rCold    . . .     Gourm    .   (no shield)
rNeg     + + +     Faith    .   y - +1 chain mail {rPois}
rPois    ∞         Spirit   .   (helmet unavailable)
rElec    .         Reflect  .   (no cloak)
rCorr    .         Harm     .   (no gloves)
MR       .....     Rnd*Rage +   (no boots)
Stlth    ..........             (no amulet)
HPRegen  0.27/turn              e - ring of positive energy
MPRegen  0.11/turn              (no ring)

@: petrified, berserk cooldown, slowed
A: retaliatory headbutt, horns 3, deterioration 1, robust 1, strong 1, evolution
1, MP-powered wands
a: Berserk, Trog's Hand, Brothers in Arms, Burn Spellbooks, Renounce Religion


You were on level 8 of the Dungeon.
You worshipped Trog.
Trog was greatly pleased with you.
You were not hungry.

You visited 2 branches of the dungeon, and saw 9 of its levels.

You collected 380 gold pieces.

Inventory:

Hand Weapons
 q - the +8 mace "Dehotuwn" (weapon) {elec, *Rage rF+ SInv}
   (You found it on level 4 of the Dungeon)

   Occasionally, upon striking a foe, it will discharge some electrical energy
   and cause terrible harm.
   It protects you from fire.
   It lets you see invisible.
   It may make you go berserk in combat.
 z - a +2 flail of venom
Armour
 y - a +1 chain mail of poison resistance (worn)
Magical Staves
 b - an uncursed staff of air {unknown}
Jewellery
 e - a ring of positive energy (left hand)
 v - an uncursed amulet of rage
Wands
 a - a wand of flame (21)
 w - a wand of digging (13)
 x - a wand of random effects (29)
Scrolls
 d - 7 scrolls of teleportation
 f - 3 scrolls of identify
 j - 2 scrolls of enchant weapon
 l - a scroll of blinking {unknown}
 m - a scroll of magic mapping {unknown}
 o - 3 scrolls of remove curse
 p - a scroll of random uselessness {unknown}
Potions
 g - a potion of haste {unknown}
 h - a potion of lignification {unknown}
 n - 2 potions of mutation
 r - a potion of heal wounds {unknown}
 s - 2 potions of curing
 t - 2 potions of cancellation {unknown}
 u - a potion of agility {unknown}
 A - a potion of flight {unknown}
Comestibles
 c - 5 bread rations
 i - 7 royal jellies
 k - 2 fruits
 B - 2 meat rations


   Skills:
 + Level 11.3 Fighting
 - Level 14.0 Maces & Flails
 + Level 4.3 Armour
 + Level 2.4 Dodging


You had 9 spell levels left.
You didn't know any spells.

Dungeon Overview and Level Annotations

Branches:
Dungeon (8/15)             Temple (1/1) D:7            Lair (0/6) D:8

Altars:
Ashenzari
Cheibriados
Dithmenos
Elyvilon
Fedhas
Gozag
Hepliaklqana
Kikubaaqudgha
Makhleb
Nemelex Xobeh
Okawaru
Qazlal
Ru
Sif Muna
Trog
Wu Jian
Xom
Yredelemnul
Zin
The Shining One

Shops:
D:6 *   D:7 (


Innate Abilities, Weirdness & Mutations

You reflexively headbutt those who attack you in melee.
You have a pair of large horns on your head.
Your body sometimes deteriorates upon taking damage.
You are robust. (+10% HP)
Your muscles are strong. (Str +2)
You evolve.
You expend magic power (3 MP) to strengthen your wands.


Message History

* * * LOW HITPOINT WARNING * * *
The crocodile completely misses you. The yak gores you.
* * * LOW HITPOINT WARNING * * *
The porcupine bites you!
* * * LOW HITPOINT WARNING * * *
The crocodile bites you. The yak gores you but does no damage.
The porcupine bites you.
* * * LOW HITPOINT WARNING * * *
The crocodile bites you but does no damage.
The yak gores you.
The porcupine bites you but does no damage.
The crocodile bites you but does no damage.
The porcupine bites you but does no damage.
The yak gores you!
* * * LOW HITPOINT WARNING * * *
The crocodile completely misses you.
The porcupine bites you but does no damage.
The yak gores you but does no damage. The porcupine bites you!
You die...

.....# .....# .....# .....#
#'######### ########## #
#>......... ...........
#.#.###### #.....# ..#
#...#############t....#...#
#....†..........@rY....<..
#################Yl...#..
#Hl...# #.†........
#.......... #..P.......
#.....P.P.. #...P...P..
##......P$P


You could see a hippogriff, 2 yaks, a basilisk, a crocodile, an iguana and a
porcupine.

Vanquished Creatures
  2 two-headed ogres
  Prince Ribbit (D:4)
  Sigmund (D:4)
  A wyvern (D:7)
  Eustachio (D:6)
  3 yaks (D:8)
  Duvessa (D:5)
  A porcupine (D:8)
  2 orc warriors
  A phantom (D:5)
  An ice beast (D:6)
  2 black bears (D:8)
  4 ogres
  A crocodile (D:8)
  A big kobold (D:8)
  A bullfrog (D:7)
  4 scorpions
  Dowan (D:5)
  A water moccasin skeleton (D:8)
  3 howler monkeys
  3 crimson imps
  2 bullfrog zombies
  2 hounds
  A centaur skeleton (D:7)
  A bullfrog skeleton (D:5)
  An orc priest (D:7)
  Crazy Yiuf (D:6)
  2 iguanas
  2 jellies
  Ijyb (D:3)
  8 worker ants
  4 orc wizards
  A killer bee zombie (D:6)
  A hound zombie (D:6)
  A hound skeleton (D:6)
  A worker ant zombie (D:8)
  8 adders
  4 gnolls
  An ooze (D:3)
  3 adder skeletons
  2 worms
  A dart slug (D:2)
  A leopard gecko (D:6)
  16 orcs
  3 ball pythons
  6 giant cockroaches
  7 goblins
  6 hobgoblins
  7 jackals
  2 quokkas
  2 bats
  5 frilled lizards
  16 kobolds
  A leopard gecko zombie (D:7)
  3 rats
159 creatures vanquished.

Notes
Turn   | Place    | Note
-------+----------+-------------------------------------------
     0 | D:1      | TheDeThijs the Minotaur Berserker began the quest for the Orb.
     0 | D:1      | Reached XP level 1. HP: 19/19 MP: 0/0
   163 | D:1      | Reached skill level 4 in Maces & Flails
   312 | D:1      | Reached XP level 2. HP: 27/27 MP: 1/1
  1083 | D:2      | Reached skill level 5 in Maces & Flails
  1083 | D:2      | Reached XP level 3. HP: 18/34 MP: 2/2
  1268 | D:2      | Reached XP level 4. HP: 25/41 MP: 3/3
  1789 | D:2      | Reached ** piety under Trog
  2064 | D:2      | Upgraded the game from 0.21-a0-476-gd103f4b to 0.21-a0-528-gf531e82
  2173 | D:3      | Found a bloodstained altar of Trog.
  2212 | D:3      | Reached skill level 6 in Maces & Flails
  2642 | D:3      | Noticed Ijyb
  2652 | D:3      | Killed Ijyb
  2652 | D:3      | Reached XP level 5. HP: 43/47 MP: 4/4
  3444 | D:4      | Reached skill level 7 in Maces & Flails
  3446 | D:4      | Reached *** piety under Trog
  3450 | D:4      | Got a crystal mace
  3488 | D:4      | Identified the +8 mace "Dehotuwn" {elec, *Rage rF+ SInv} (You found it on level 4 of the Dungeon)
  3575 | D:4      | Reached skill level 5 in Fighting
  3575 | D:4      | Reached XP level 6. HP: 34/56 MP: 5/5
  3740 | D:4      | Noticed Sigmund
  3755 | D:4      | Killed Sigmund
  3755 | D:4      | Reached skill level 8 in Maces & Flails
  3965 | D:4      | Reached XP level 7. HP: 50/61 MP: 6/6
  4076 | D:4      | Reached skill level 9 in Maces & Flails
  4143 | D:4      | Found a basalt altar of Yredelemnul.
  4145 | D:4      | Noticed a profane servitor
  4156 | D:4      | Found a glowing golden altar of the Shining One.
  4158 | D:4      | Noticed an angel
  4169 | D:4      | Found a faded altar of an unknown god.
  4169 | D:4      | Found a white marble altar of Elyvilon.
  4178 | D:4      | Found a blossoming altar of Fedhas.
  4180 | D:4      | Found a faded altar of an unknown god.
  4182 | D:4      | Found an opulent altar of Gozag.
  4258 | D:4      | Found a shadowy altar of Dithmenos.
  4339 | D:4      | You fall through a shaft!
  4339 | D:5      | Entered Level 5 of the Dungeon
  4347 | D:5      | Noticed Prince Ribbit
  4358 | D:4      | Killed Prince Ribbit
  4533 | D:4      | Gained mutation: Your body sometimes deteriorates upon taking damage. [potion of mutation]
  4533 | D:4      | Gained mutation: You expend magic power (3 MP) to strengthen your wands. [potion of mutation]
  4533 | D:4      | Gained mutation: You evolve. [potion of mutation]
  4533 | D:4      | Gained mutation: Your muscles are strong. (Str +2) [potion of mutation]
  4698 | D:4      | Found a shattered altar of Ashenzari.
  4734 | D:5      | Noticed Dowan
  4738 | D:5      | Noticed Duvessa
  4739 | D:5      | Killed Dowan
  4739 | D:5      | Reached skill level 10 in Maces & Flails
  4750 | D:5      | Killed Duvessa
  4843 | D:5      | Reached XP level 8. HP: 70/70 MP: 7/7
  4908 | D:5      | Reached skill level 11 in Maces & Flails
  5078 | D:5      | Found a deep blue altar of Sif Muna.
  5085 | D:5      | Reached **** piety under Trog
  5194 | D:6      | Noticed Eustachio
  5213 | D:6      | Killed Eustachio
  5260 | D:6      | Found Awunkop's Assorted Antiques.
  5353 | D:6      | Reached skill level 12 in Maces & Flails
  5456 | D:6      | Noticed a two-headed ogre
  5477 | D:6      | Killed a two-headed ogre
  5477 | D:6      | Reached skill level 13 in Maces & Flails
  5477 | D:6      | Reached XP level 9. HP: 80/80 MP: 8/8
  5577 | D:6      | Found a runed door.
  5581 | D:6      | Noticed Crazy Yiuf
  5583 | D:6      | Killed Crazy Yiuf
  5816 | D:6      | Gained mutation: You are robust. (+10% HP) [evolution]
  6043 | D:7      | Found Hashreti's Weapon Boutique.
  6169 | D:7      | Found a staircase to the Ecumenical Temple.
  6179 | Temple   | Entered the Ecumenical Temple
  6394 | D:7      | Reached skill level 14 in Maces & Flails
  7023 | D:8      | Found a bloodstained altar of Trog.
  7024 | D:8      | Noticed a two-headed ogre
  7038 | D:8      | Killed a two-headed ogre
  7038 | D:8      | Reached skill level 10 in Fighting
  7038 | D:8      | Reached XP level 10. HP: 57/103 MP: 9/9
  7263 | D:7      | Gained mutation: You have a pair of large horns on your head. [evolution]
  7495 | D:8      | Found a staircase to the Lair.
  7532 | D:8      | HP: 4/105 [yak (4)]
  7533 | D:8      | Slain by a porcupine

Vault maps used:
D:1:      eino_arrival_cavern_a, fountainhead, minmay_split_cup_small
D:2:      first_bread
D:3:      lemuel_round_altar, uniq_ijyb
D:4:      grunt_temple_overflow_holy_war, ashenzari_altar_1, marbit_many_paths,
          chequers_temple_overflow_minitemple, mrwooster_statue_mirror,
          st_stairs_11, uniq_sigmund
D:5:      led_sif_book, uniq_duvessa, uniq_prince_ribbit1
D:6:      serial_shops, nicolae_shop_temple_entry_statues_fountains,
          uniq_eustachio, uniq_crazy_yiuf_cottage
D:7:      minmay_temple_entry_purple_smoke, serial_shops, shop_statue,
          grunt_ogre_cave
D:8:      minmay_lair_entry_grove, trog_ov_bears_minmay
Temple:   minmay_temple_curvy_loop

Skill      XL: |  1  2  3  4  5  6  7  8  9 10 |
---------------+-------------------------------+-----
Maces & Flails | 4 5 6 7 8 10 13 14 | 14.0
Fighting       | 4 5 6 7 10 11 | 11.3
Armour         | 4 |  4.3
Dodging        | |  2.4

Action                   |  1- 3 |  4- 6 |  7- 9 | 10-12 || total
-------------------------+-------+-------+-------+-------++-------
Melee: Mace              |    38 |   136 |   146 |    33 ||   353
       Headbutt          |     3 |    21 |    24 |     7 ||    55
Invok: Berserk           |       |     1 |     2 |       ||     3
       Burn Spellbooks   |       |     1 |     1 |       ||     2
       Trog's Hand       |       |       |     2 |       ||     2
  Use: Scroll            |       |     4 |     3 |       ||     7
       Potion            |       |       |     2 |       ||     2
  Eat: Chunk             |       |     7 |    10 |     2 ||    19
       Meat ration       |       |     1 |       |       ||     1
Armor: Animal skin       |     6 |    18 |     2 |       ||    26
       Chain mail        |       |       |    95 |    53 ||   148
Dodge: Dodged            |    28 |    87 |    76 |    17 ||   208

Table legend:
 A = Spawn XP
 B = Non-spawn XP
 C = Spawn XP percentage of total XP
 D = Spawn monster count
 E = Non-spawn monster count
 F = Spawn count percentage of total count
 G = Total turns spent on level
                    A         B        C        D         E        F      G
               +---------+---------+-------+---------+---------+-------+---------
         Total |       0 |    7232 |   0.0 |       0 |     159 |   0.0 |  7533
               +---------+---------+-------+---------+---------+-------+---------
           D:1 |       0 |      35 |   0.0 |       0 |      14 |   0.0 |  1057
           D:2 |       0 |     101 |   0.0 |       0 |      18 |   0.0 |  1020
           D:3 |       0 |     109 |   0.0 |       0 |      27 |   0.0 |  1345
           D:4 |       0 |     943 |   0.0 |       0 |      25 |   0.0 |  1346
           D:5 |       0 |     685 |   0.0 |       0 |      11 |   0.0 |   363
           D:6 |       0 |    1921 |   0.0 |       0 |      23 |   0.0 |   852
           D:7 |       0 |    1011 |   0.0 |       0 |      19 |   0.0 |  1143
           D:8 |       0 |    2427 |   0.0 |       0 |      22 |   0.0 |   197
               +---------+---------+-------+---------+---------+-------+---------
